 Dungeon Crawl Stone Soup version 0.30-a0-462-gd5975efbca (webtiles) character file.

Game seed: 16709757974717699586

146 sleeves the Firebug (level 5, -4/35 HPs)
             Began as a Demonspawn Fire Elementalist on Dec 16, 2022.
             Slain by Grinder (7 damage)
             ... while paralysed by Grinder
             ... on level 3 of the Dungeon.
             The game lasted 00:06:06 (3264 turns).

sleeves the Firebug (Demonspawn Fire Elementalist)  Turns: 3264, Time: 00:06:06

Health: -4/35      AC:  6    Str:  9    XL:     5   Next: 7%
Magic:  0/8        EV:  2    Int: 18    God:
Gold:   166        SH:  0    Dex: 13    Spells: 5/8 levels left

rFire   . . .      SeeInvis .    o - +4 dagger
rCold   . . .      Faith    .    (no shield)
rNeg    . . .      Spirit   .    a - +0 robe
rPois   .          Reflect  .    m - +0 helmet
rElec   .          Harm     .    (no cloak)
rCorr   .          Rampage  .    (no gloves)
Will    .....                    (no boots)
Stlth   ++........               (no amulet)
HPRegen 0.25/turn                (no ring)
MPRegen 0.11/turn                (no ring)

@: paralysed
A: slimy green scales 2, ignite blood 1
a: no special abilities


You were on level 3 of the Dungeon.
You visited 1 branch of the dungeon, and saw 3 of its levels.

You collected 166 gold pieces.

Inventory:

Hand Weapons
 o - a +4 dagger (weapon)
   (You took it off a kobold on level 3 of the Dungeon)
Missiles
 p - 6 poisoned darts
Armour
 a - a +0 robe (worn)
 m - a +0 helmet (worn)
   (You found it on level 3 of the Dungeon)
Scrolls
 c - a scroll of poison {unknown}
 d - 3 scrolls of identify {unknown}
 f - 2 scrolls of fog {unknown}
 i - a scroll of immolation {unknown}
 k - 2 scrolls of amnesia {unknown}
 l - a scroll of torment {unknown}
 n - 2 scrolls of teleportation {unknown}
Potions
 b - a potion of magic
 e - 3 potions of curing
 g - a potion of berserk rage {unknown}
 h - a potion of mutation {unknown}
 j - a potion of resistance {unknown}
 q - a potion of brilliance {unknown}


   Skills:
 - Level 1.7 Dodging
 - Level 1.7 Stealth
 - Level 2.0 Spellcasting
 - Level 1.0 Conjurations
 + Level 5.3 Fire Magic


You had 5 spell levels left.
You knew the following spells:

 Your Spells              Type           Power      Damage    Failure   Level
a - Foxfire               Conj/Fire      52%        2x1d6     4%          1
b - Scorch                Fire           40%        2d7       3%          2

Your spell library contained the following spells:

 Spells                   Type           Power      Damage    Failure   Level
 Inner Flame              Hex/Fire       11%        N/A       19%         3
 Kindle Blastsparks       Fire/Tloc/Air  16%        2d11      26%         3
 Flame Wave               Conj/Fire      13%        2d6       45%         4
 Gell's Gravitas          Tloc           1%         N/A       47%         3
 Lesser Beckoning         Tloc           2%         N/A       47%         3
 Teleport Other           Tloc           1%         N/A       47%         3


Dungeon Overview and Level Annotations

Branches:
Dungeon (3/15)

Altars:
Xom

Annotations:
D:2 exclusion: downstairs
D:3 Grinder, Terence


Innate Abilities, Weirdness & Mutations

You are mostly covered in slimy green scales. (AC +3)
Your demonic aura sometimes causes spilled blood to erupt in flames.


Message History

You conjure some foxfire!
The foxfire hits the gnoll.
The gnoll is heavily wounded.
The foxfire hits the gnoll but does no damage.
The gnoll is heavily wounded.
You conjure some foxfire!
The foxfire hits the gnoll but does no damage.
The gnoll is heavily wounded.
The foxfire hits the gnoll but does no damage.
The gnoll is heavily wounded.
You conjure some foxfire!
* * * LOW MAGIC WARNING * * *
The foxfire hits the gnoll.
The gnoll is severely wounded.
The foxfire hits the gnoll but does no damage.
The gnoll is severely wounded.
The gnoll barely misses you.
You hit the gnoll.
You kill the gnoll!
Your foxfire dissipates!
Your foxfire dissipates!
You see here a +0 flail.
h - a sedimented inky potion A jackal comes into view.
There is a fountain of clear blue water here.
A jackal is nearby!
You see here a +0 flail.
You conjure some foxfire!
The foxfire hits the jackal.
The jackal is heavily wounded.
The foxfire hits the jackal.
The jackal is almost dead.
The jackal bites you but does no damage.
You hit the jackal.
You kill the jackal!
You see here a +0 chain mail.
You see here a +0 chain mail.
An endoplasm comes into view.
An endoplasm is nearby!
An endoplasm is nearby!
You conjure some foxfire!
You conjure some foxfire!
The endoplasm quivers.
The foxfire hits the endoplasm.
The endoplasm is moderately wounded.
The foxfire hits the endoplasm.
The endoplasm is almost dead.
The foxfire hits the endoplasm.
You kill the endoplasm!
There is a stone staircase leading down here.
A frilled lizard comes into view.
A frilled lizard is nearby!
A frilled lizard is nearby!
You conjure some foxfire!
The frilled lizard hisses angrily.
The foxfire hits the frilled lizard.
You kill the frilled lizard!
Your foxfire dissipates!
Found a faded altar of an unknown god.
Done exploring.
Done exploring.
You conjure some foxfire!
The jackal barks!
The jackal bites the plant.
The plant begins to die.
The jackal bites the plant.
The jackal bites the plant. x2
The jackal bites the plant.
The jackal bites the plant. x2
A nearby plant withers and dies.
The jackal bites you.
You conjure some foxfire!
The jackal barely misses you.
You barely miss the jackal.
The foxfire hits the jackal.
The jackal is almost dead.
The foxfire hits the jackal but does no damage.
The jackal is almost dead.
The jackal closely misses you.
The jackal is engulfed in a cloud of scalding steam.
You kill the jackal!
No target in view!
Really walk into that cloud of steam? [Y]es or [N]o only, please.
Really walk into that cloud of steam? [Y]es or [N]o only, please.
Really walk into that cloud of steam?
Okay, then.
You enter the shallow water.
Moving in this stuff is going to be slow.
There is a faded altar of an unknown god here.
This altar belongs to (a) Wu Jian, (b) Lugonu or (c) Nemelex Xobeh, but you can't tell which.
Press the corresponding letter to learn more about a god, or press enter to convert or escape to cancel.
Okay, then.
Unknown command.
Press < or > to pray at altars.
Unknown command.
Press < or > to pray at altars.
Done exploring.
Done exploring.
Done exploring.
Done exploring.
(D) Dungeon
Where to? (? - help)
There is a dry fountain here.
There is a stone staircase leading down here.
You climb downwards.
There is a stone staircase leading up here.
An endoplasm is nearby!
You hit the endoplasm.
The endoplasm is lightly wounded.
The endoplasm jiggles.
The endoplasm misses you.
You hit the endoplasm but do no damage.
The endoplasm is lightly wounded.
The endoplasm freezes you.
You are frozen.
You hit the endoplasm.
The endoplasm is heavily wounded.
The endoplasm freezes you.
You are frozen.
You conjure some foxfire!
The endoplasm barely misses you.
There is not enough space to conjure foxfire!
Your foxfire dissipates!
You conjure some foxfire!
The endoplasm freezes you.
You are frozen.
Your foxfire dissipates!
You are too injured to fight recklessly!
There is a stone staircase leading up here.
You are too injured to fight recklessly!
Casting: Foxfire (safe; 8% risk of failure)
Confirm with . or Enter, or press ? or * to list all spells.
There is not enough space to conjure foxfire!
You hit the endoplasm.
The endoplasm is almost dead.
The endoplasm barely misses you.
You barely miss the endoplasm.
The endoplasm is severely wounded.
The endoplasm barely misses you.
You barely miss the endoplasm.
The endoplasm is severely wounded.
The endoplasm hits you but does no damage.
You hit the endoplasm.
You kill the endoplasm!
Magic restored.
HP restored.
i - a scroll labelled KISOATHRE OTHIRPH A ball python comes into view.
A ball python is nearby!
You conjure some foxfire!
Your foxfire dissipates!
Your foxfire dissipates!
A ball python is nearby!
You conjure some foxfire!
The foxfire hits the ball python.
You kill the ball python!
Your foxfire dissipates!
An endoplasm, a frilled lizard and a quokka come into view.
Found a stone staircase leading down.
There are monsters nearby!
You conjure some foxfire!
You miscast Foxfire.
You are very lightly contaminated with residual magic.
Nothing appears to happen.
The foxfire hits the endoplasm.
The endoplasm is lightly wounded.
The endoplasm quivers.
The foxfire hits the endoplasm.
The endoplasm is severely wounded.
You conjure some foxfire!
You conjure some foxfire!
The foxfire hits the quokka.
The quokka is severely wounded.
You barely miss the quokka.
The quokka is severely wounded.
The foxfire hits the quokka.
You kill the quokka!
Your foxfire dissipates!
The endoplasm attacks as you move away! The endoplasm barely misses you.
Your magical contamination has completely faded away.
You conjure some foxfire!
* * * LOW MAGIC WARNING * * *
The endoplasm freezes you.
You are frozen.
You hit the endoplasm but do no damage.
The endoplasm is severely wounded.
The foxfire hits the endoplasm.
You kill the endoplasm!
You have reached level 3!
Your experience leads to an increase in your attributes!
Increase (S)trength, (I)ntelligence, or (D)exterity?
You feel clever. x2; Your demonic ancestry asserts itself...
Slimy green scales grow over part of your body.
Your foxfire dissipates!
A frilled lizard is nearby!
A frilled lizard is nearby!
You conjure some foxfire!
The foxfire hits the frilled lizard.
You kill the frilled lizard!
Your foxfire dissipates!
You see here a frilled lizard corpse.
An endoplasm comes into view.
You see here a quokka corpse.
You conjure some foxfire!
The endoplasm quivers.
The foxfire hits the endoplasm.
The endoplasm is moderately wounded.
The foxfire hits the endoplasm.
You kill the endoplasm!
You now have 65 gold pieces (gained 10).
A quokka comes into view.
A quokka is nearby!
You conjure some foxfire!
Your foxfire dissipates!
The foxfire hits the quokka but does no damage.
You conjure some foxfire!
The foxfire hits the quokka.
The quokka is heavily wounded.
The foxfire hits the quokka.
The quokka is severely wounded.
The quokka closely misses you.
You hit the quokka but do no damage.
The quokka is severely wounded.
The quokka misses you.
You conjure some foxfire!
The quokka bites you but does no damage.
The quokka bites you.
You miss the quokka.
The quokka is severely wounded.
The foxfire hits the quokka.
You kill the quokka!
You see here a quokka corpse.
You open the door.
An endoplasm and a ball python come into view.
Found a scroll labelled LOUCKOUCLELE POESU.
There are monsters nearby!
There are monsters nearby!
Jessica the Apprentice Sorceress comes into view.
She is wielding a +0 club.
The ball python hisses angrily.
There is an open door here.
You conjure some foxfire!
The foxfire hits the ball python.
You kill the ball python!
Your foxfire dissipates!
You see here a quokka corpse.
Magic restored.
An endoplasm comes into view.
An endoplasm is nearby!
You conjure some foxfire!
The foxfire hits the endoplasm.
The endoplasm is moderately wounded.
The foxfire hits the endoplasm.
The endoplasm is heavily wounded.
You conjure some foxfire!
You hit the endoplasm.
The endoplasm is almost dead.
The foxfire hits the endoplasm.
You kill the endoplasm!
Magic restored.
A hobgoblin comes into view.
You conjure some foxfire!
The foxfire hits the hobgoblin but does no damage.
The foxfire hits the hobgoblin.
The hobgoblin is heavily wounded.
You conjure some foxfire!
The foxfire hits the hobgoblin.
The hobgoblin is almost dead.
The foxfire hits the hobgoblin.
You kill the hobgoblin!
Your Fire Magic skill increases to level 4!
You start resting.
Magic restored.
You see here a hobgoblin corpse.
You see here a hobgoblin corpse.
Found 6 stones.
You see here 6 stones.
You conjure some foxfire!
The endoplasm quivers.
The endoplasm hits you but does no damage.
The foxfire hits the endoplasm.
The endoplasm is almost dead.
The foxfire hits the endoplasm.
You kill the endoplasm!
You start resting.
Magic restored.
Found 9 stones.
f - 2 scrolls labelled LOUCKOUCLELE POESU (gained 1) Jessica shouts!
Jessica casts a spell.
Jessica blinks!
You conjure some foxfire!
You conjure some foxfire!
The foxfire hits Jessica.
Jessica is heavily wounded.
The foxfire hits Jessica.
Jessica is almost dead.
Jessica mumbles some strange words.
Jessica seems to speed up.
You conjure some foxfire!
The foxfire hits Jessica.
You kill Jessica!
Your foxfire dissipates! x2
Your foxfire dissipates!
Things that are here:
a +0 club; a +0 robe; the human corpse of Jessica You now have 73 gold pieces (gained 8).
Found a stone staircase leading up.
A ball python comes into view.
A ball python is nearby!
You conjure some foxfire!
The ball python hisses angrily.
The foxfire hits the ball python.
You kill the ball python!
No target in view!
Your foxfire dissipates!
You see here a ball python corpse.
A worm comes into view.
A worm is nearby!
A worm is nearby!
You conjure some foxfire!
You conjure some foxfire!
The foxfire hits the worm.
The worm is moderately wounded.
You conjure some foxfire!
The foxfire hits the worm.
The worm is heavily wounded.
The foxfire hits the worm.
The worm is severely wounded.
The foxfire hits the worm.
The worm is almost dead.
You conjure some foxfire!
The foxfire hits the worm.
You kill the worm!
You have reached level 4!
You feel stronger.
Your foxfire dissipates!
Found a stone staircase leading down.
A frilled lizard comes into view.
A frilled lizard is nearby!
You miscast Foxfire.
You are very lightly contaminated with residual magic.
Nothing appears to happen.
The frilled lizard hisses angrily.
You conjure some foxfire!
You conjure some foxfire!
The foxfire hits the frilled lizard.
You kill the frilled lizard!
You conjure some foxfire!
Your foxfire dissipates!
Your foxfire dissipates! x4
Your magical contamination has completely faded away.
An endoplasm comes into view.
An endoplasm is nearby!
An endoplasm is nearby!
You conjure some foxfire!
You conjure some foxfire!
The foxfire hits the endoplasm.
The endoplasm is almost dead.
The foxfire hits the endoplasm.
You kill the endoplasm!
You conjure some foxfire!
Your foxfire dissipates!
Your foxfire dissipates! x2
There is a stone staircase leading down here.
A ball python comes into view.
A ball python is nearby!
A ball python is nearby!
You conjure some foxfire!
You conjure some foxfire!
You conjure some foxfire!
The foxfire hits the ball python.
The ball python is moderately wounded.
The ball python hisses angrily.
The foxfire hits the ball python.
The ball python is severely wounded.
Your foxfire dissipates!
Your foxfire dissipates!
A rat comes into view.
A ball python is nearby!
A ball python is nearby!
You conjure some foxfire!
The foxfire hits the ball python.
You kill the ball python!
Your foxfire dissipates!
A rat is nearby!
A rat is nearby!
A rat is nearby!
You conjure some foxfire!
The foxfire hits the rat.
You kill the rat!
Your foxfire dissipates!
You now have 84 gold pieces (gained 11).
j - a silvery potion
k - a scroll labelled GIYB OMUAT 3 goblins come into view.
The goblin shouts!
A hobgoblin comes into view.
You conjure some foxfire!
You conjure some foxfire!
The foxfire hits the goblin.
The goblin is heavily wounded.
You conjure some foxfire!
The foxfire hits the goblin.
You kill the goblin!
You conjure some foxfire!
Your foxfire dissipates! x2
Your foxfire dissipates!
Your foxfire dissipates! x2
l - a scroll labelled OTTOZO MUEMOLO You open the door.
There is an open door here.
Found a hand axe.
A bat comes into view.
A bat is nearby!
You conjure some foxfire!
You conjure some foxfire!
The foxfire hits the bat but does no damage.
Your foxfire dissipates!
The bat closely misses you. The bat misses you.
Your foxfire dissipates!
The foxfire hits the bat.
The bat is severely wounded.
The bat completely misses you.
A bat is nearby!
You hit the bat.
You kill the bat!
You conjure some foxfire!
Your foxfire dissipates!
Your foxfire dissipates!
You see here a +0 hand axe.
You open the door.
There is an open door here.
You open the door.
There is an open door here.
A bat comes into view.
Found 15 gold pieces.
A bat is nearby!
A bat is nearby!
You conjure some foxfire!
The bat barely misses you.
The foxfire hits the bat.
You kill the bat!
No target in view!
Your foxfire dissipates!
You see here a bat corpse.
You now have 99 gold pieces (gained 15).
A goblin comes into view. It is wielding a +0 club.
A goblin is nearby!
A goblin is nearby!
You conjure some foxfire!
A goblin is nearby!
You miscast Foxfire.
You are very lightly contaminated with residual magic.
Nothing appears to happen.
Your foxfire dissipates!
You conjure some foxfire!
The goblin shouts!
The foxfire hits the goblin.
You kill the goblin!
Your magical contamination has completely faded away.
An adder comes into view.
An adder is nearby!
An adder is nearby!
You conjure some foxfire!
The adder hisses angrily.
You conjure some foxfire!
You conjure some foxfire!
The foxfire hits the adder.
The adder is heavily wounded.
The foxfire hits the adder.
The adder is almost dead.
The foxfire hits the adder.
You kill the adder!
Your foxfire dissipates!
Your foxfire dissipates!
Your foxfire dissipates!
A bat comes into view.
A worm comes into view.
The bat moves out of view.
A worm is nearby!
A worm is nearby!
You see here a bat corpse.
You start resting.
Magic restored.
You see here a bat corpse.
A worm is nearby!
A worm is nearby!
You miscast Foxfire.
You are very lightly contaminated with residual magic.
Nothing appears to happen.
You conjure some foxfire!
You conjure some foxfire!
You conjure some foxfire!
The foxfire hits the worm.
The worm is moderately wounded.
You conjure some foxfire!
The foxfire hits the worm.
The worm is moderately wounded.
You conjure some foxfire!
Your foxfire dissipates!
Found a stone staircase leading down.
The foxfire hits the worm.
The worm is severely wounded.
Your magical contamination has completely faded away.
Your foxfire dissipates!
Casting: Foxfire (safe; 5% risk of failure)
Confirm with . or Enter, or press ? or * to list all spells.
You conjure some foxfire!
* * * LOW MAGIC WARNING * * *
The foxfire hits the worm.
The worm is severely wounded.
The foxfire hits the worm.
The worm is almost dead.
You hit the worm.
The worm is almost dead.
The worm bites you.
You hit the worm.
You kill the worm!
HP restored.
A bat is nearby!
A bat is nearby!
A bat is nearby!
Casting: Foxfire (safe; 5% risk of failure)
Confirm with . or Enter, or press ? or * to list all spells.
You conjure some foxfire!
The foxfire hits the bat.
You kill the bat!
Found a shimmering altar of Xom.
Found a ring mail.
You now have 109 gold pieces (gained 10).
You open the large door.
There is a large open door here.
You open the door.
There is an open door here.
There is an open door here.
Found a stone staircase leading up.
There is an open door here.
A rat comes into view.
A rat is nearby!
A rat is nearby!
The rat bites you.
You conjure some foxfire!
You hit the rat.
The rat is heavily wounded.
The foxfire hits the rat.
You kill the rat!
No target in view!
Your foxfire dissipates!
As you open the door, it creaks loudly!
There is an open door here.
d - 3 scrolls labelled NUXIZO QIHO (gained 1)
There is an open door here.
A rat comes into view.
A rat is nearby!
You conjure some foxfire!
The foxfire hits the rat.
You kill the rat!
Your foxfire dissipates!
You see here a rat corpse.
Done exploring.
Done exploring.
Done exploring.
Done exploring.
Done exploring.
Done exploring.
(D) Dungeon
Where to? (Enter - D:2, ? - help)
You see here a +0 club.
There is a stone staircase leading down here.
You climb downwards.
Grinder shouts!
The adder hisses angrily.
The endoplasm quivers.
Terence shouts!
You hear a shout! x3
Found 8 gold pieces.
There is a stone staircase leading up here.
There are monsters nearby!
You climb upwards.
There is a stone staircase leading down here.
Unknown command.
You see here 9 stones.
There is an open door here.
There is a stone staircase leading down here.
You climb downwards.
Level annotation: Grinder, Terence
Found 8 stones.
There is a stone staircase leading up here.
You see here 8 stones.
You now have 119 gold pieces (gained 10).
An endoplasm comes into view.
An endoplasm is nearby!
You conjure some foxfire!
The foxfire hits the endoplasm.
The endoplasm is heavily wounded.
The endoplasm quivers.
You conjure some foxfire!
The foxfire hits the endoplasm.
You kill the endoplasm!
Your foxfire dissipates! x2
Memorise Scorch, consuming 2 spell levels and leaving 4?
You start memorising the spell.
You continue memorising. x2
You finish memorising.
Spell assigned to 'b'.
Okay, then.
Magic restored.
A goblin comes into view. It is wielding a +0 dagger.
Found a helmet.
A goblin is nearby!
A goblin is nearby!
A goblin is nearby!
You conjure some foxfire!
Your foxfire dissipates!
Your foxfire dissipates!
Found 10 gold pieces.
You conjure some foxfire!
You conjure some foxfire!
The foxfire hits the goblin.
The goblin is severely wounded.
The foxfire hits the goblin.
You kill the goblin!
Your foxfire dissipates!
Your foxfire dissipates!
You now have 129 gold pieces (gained 10).
m - a +0 helmet You start putting on your armour.
You continue putting on your +0 helmet. x4
You finish putting on your +0 helmet.
You open the door. 4 orcs come into view.
An orc is wielding a +0 club and wearing a +0 scale mail of positive energy.
The orc shouts! x2; You hear a shout! x2; The orc shouts!
There are monsters nearby!
There are monsters nearby!
The orc attacks as you move away! The orc hits you with a +0 club.
An orc comes into view. It is wielding a +0 hand axe.
The orc attacks as you move away! The orc hits you with a +0 club.
You conjure some foxfire!
You miscast Foxfire.
You are very lightly contaminated with residual magic.
Nothing appears to happen.
The foxfire hits the orc.
The orc is lightly wounded.
The foxfire hits the orc but does no damage.
The orc is lightly wounded.
You conjure some foxfire!
You conjure some foxfire!
The foxfire hits the orc.
The orc is moderately wounded.
The foxfire hits the orc.
The orc is severely wounded.
The foxfire hits the orc but does no damage.
The orc is severely wounded.
The foxfire hits the orc.
You kill the orc!
Your magical contamination has completely faded away.
The orc attacks as you move away! The orc hits you with a +0 hand axe.
Casting: Foxfire (safe; 5% risk of failure)
Confirm with . or Enter, or press ? or * to list all spells.
You don't know that spell.
Casting: Foxfire (safe; 5% risk of failure)
Confirm with . or Enter, or press ? or * to list all spells.
Flames lash the orc.
The orc is almost dead.
The orc's fire resistance burns away.
The orc misses you.
The orc is no longer more vulnerable to fire.
The orc attacks as you move away! The orc barely misses you.
The orc attacks as you move away! The orc closely misses you.
You see here 8 stones.
There is a stone staircase leading up here.
The orc hits you with a +0 hand axe.
You climb upwards.
Level annotation: exclusion: downstairs
There is a stone staircase leading down here.
Casting: Scorch (safe; 3% risk of failure)
Confirm with . or Enter, or press ? or * to list all spells.
Flames lash the orc.
You kill the orc!
HP restored.
Magic restored.
Done exploring.
There is an open door here.
There is a stone staircase leading down here.
You climb downwards.
Level annotation: Grinder, Terence
Found a scroll labelled ENAMAO NINTA and 17 gold pieces.
Found a stone staircase leading down.
There is a stone staircase leading up here.
You conjure some foxfire!
The adder hisses angrily.
An endoplasm comes into view.
You conjure some foxfire!
The foxfire hits the adder.
The adder is lightly wounded.
You conjure some foxfire!
The foxfire hits the adder.
The adder is severely wounded.
You conjure some foxfire!
The foxfire hits the adder.
You kill the adder!
The foxfire hits the endoplasm but does no damage.
The foxfire hits the endoplasm.
You kill the endoplasm!
Your foxfire dissipates!
Magic restored.
There is a stone staircase leading down here.
n - a scroll labelled ENAMAO NINTA You now have 144 gold pieces (gained 15).
You now have 161 gold pieces (gained 17).
You open the door.
There is an open door here.
There is an open door here.
Found a whip.
You see here a +0 whip.
A kobold comes into view.
It is wielding a +4 dagger and quivering poisoned darts.
A kobold is nearby!
You conjure some foxfire!
The kobold shouts!
You hear an angry hiss.
Your foxfire dissipates!
The foxfire hits the kobold.
You kill the kobold!
A ball python comes into view.
You conjure some foxfire!
The ball python hisses angrily.
You conjure some foxfire!
The foxfire hits the ball python.
The ball python is severely wounded.
Your foxfire dissipates!
The foxfire hits the ball python.
You kill the ball python!
Your Fire Magic skill increases to level 5!
Your foxfire dissipates!
Things that are here:
a +4 dagger; 6 poisoned darts; a +0 leather armour
o - a +4 dagger;
p - 6 poisoned darts
o - a +4 dagger (weapon)
You drop a +0 short sword.
g - an amethyst potion You now have 166 gold pieces (gained 5).
A bat comes into view.
A bat is nearby!
You conjure some foxfire!
You conjure some foxfire!
The foxfire hits the bat.
The bat is severely wounded.
The foxfire hits the bat.
You kill the bat!
Your foxfire dissipates!
An adder comes into view.
An adder is nearby!
An adder is nearby!
You conjure some foxfire!
The adder hisses angrily.
You conjure some foxfire!
Your foxfire dissipates!
The foxfire hits the adder.
The adder is moderately wounded.
The foxfire hits the adder.
The adder is almost dead.
You conjure some foxfire!
Your foxfire dissipates!
The foxfire hits the adder.
You kill the adder!
Found a stone staircase leading down.
Found a stone staircase leading down.
There is a stone staircase leading down here.
An orc is nearby!
You miscast Foxfire.
You are very lightly contaminated with residual magic.
Nothing appears to happen.
The orc shouts!
You hear an angry hiss.
You hear a shout!
You conjure some foxfire!
You conjure some foxfire!
The foxfire hits the orc but does no damage.
The foxfire hits the orc but does no damage.
The foxfire hits the orc.
The orc is moderately wounded.
The foxfire hits the orc.
The orc is almost dead.
You hit the orc.
You kill the orc!
You conjure some foxfire!
You conjure some foxfire!
The foxfire hits the orc.
The orc is heavily wounded.
The foxfire hits the orc.
You kill the orc!
Your magical contamination has completely faded away.
You conjure some foxfire!
Your foxfire dissipates! x2
A ball python comes into view.
The ball python moves out of view.
A ball python is nearby!
A ball python is nearby!
You conjure some foxfire!
The ball python hisses angrily.
The foxfire hits the ball python.
You kill the ball python!
Your foxfire dissipates!
Things that are here:
a +0 club; a +0 scale mail of positive energy; an orc corpse You see here a +0 dagger.
q - a pink potion
Things that are here:
a +0 hand axe; a +0 leather armour; an orc corpse
There is an open door here.
A kobold comes into view. It is wielding a +0 short sword.
The kobold shouts!
You conjure some foxfire!
You conjure some foxfire!
A goblin comes into view. It is wielding a +0 dagger.
The foxfire hits the kobold.
You kill the kobold!
The foxfire hits the goblin.
The goblin is moderately wounded.
The goblin shouts!
The foxfire hits the goblin.
You kill the goblin!
Your foxfire dissipates!
Found a short sword.
There is an open door here.
k - 2 scrolls labelled GIYB OMUAT (gained 1)
An orc is nearby!
An orc is nearby!
You conjure some foxfire!
The orc shouts!
The foxfire hits the orc.
The orc is lightly wounded.
The foxfire hits the orc.
The orc is heavily wounded.
You conjure some foxfire!
The foxfire hits the orc.
The orc is almost dead.
The orc drinks a potion.
The orc is healed!
The foxfire hits the orc but does no damage.
An orc is nearby!
You conjure some foxfire!
The foxfire hits the orc.
The orc is severely wounded.
The foxfire hits the orc but does no damage.
The orc is severely wounded.
You conjure some foxfire!
The foxfire hits the orc but does no damage.
The orc is severely wounded.
The foxfire hits the orc but does no damage.
The orc is severely wounded.
The orc hits you with a +0 flail!
You hit the orc.
You kill the orc!
HP restored.
n - 2 scrolls labelled ENAMAO NINTA (gained 1)
Things that are here:
a +0 flail; a +0 ring mail
There is an open door here.
Things that are here:
a +0 dagger; a goblin corpse
Things that are here:
a +0 short sword; a kobold corpse
There is a stone staircase leading down here.
Key pressed, stopping explore.
An endoplasm comes into view.
The endoplasm quivers.
An endoplasm is nearby!
An endoplasm is nearby!
You conjure some foxfire!
The foxfire hits the endoplasm.
The endoplasm is moderately wounded.
The foxfire hits the endoplasm.
The endoplasm is heavily wounded.
You conjure some foxfire!
The foxfire hits the endoplasm.
The endoplasm is severely wounded.
The foxfire hits the endoplasm.
You kill the endoplasm!
Sorry, you're not good enough to have a special ability.
A jackal comes into view.
The jackal barks!
You hear a bark!
A jackal comes into view.
There are monsters nearby!
There are monsters nearby!
You conjure some foxfire!
The jackal barks!
You hear a shout!
The foxfire hits the jackal.
The jackal is heavily wounded.
The foxfire hits the jackal but does no damage.
The jackal is heavily wounded.
You conjure some foxfire!
A jackal comes into view.
The foxfire hits the jackal but does no damage.
The jackal is heavily wounded.
The foxfire hits the jackal.
You kill the jackal!
You conjure some foxfire!
The foxfire hits the jackal but does no damage.
The foxfire hits the jackal.
The jackal is lightly wounded.
The jackal bites you.
You completely miss the jackal.
The jackal is lightly wounded.
The jackal bites you but does no damage.
Casting: Foxfire (safe; 4% risk of failure)
Confirm with . or Enter, or press ? or * to list all spells.
Flames lash the jackal.
The jackal is almost dead.
The jackal's fire resistance burns away.
The jackal misses you. The jackal barely misses you.
Casting: Scorch (safe; 3% risk of failure)
Confirm with . or Enter, or press ? or * to list all spells.
Flames lash the jackal.
The jackal is burned terribly!
You kill the jackal!
* * * LOW MAGIC WARNING * * *
The jackal bites you but does no damage.
Casting: Scorch (safe; 3% risk of failure)
Confirm with . or Enter, or press ? or * to list all spells.
You don't have enough magic to cast this spell.
You closely miss the jackal.
The jackal is lightly wounded.
The jackal closely misses you. x2
You barely miss the jackal.
The jackal is lightly wounded.
The jackal bites you but does no damage.
You closely miss the jackal.
The jackal is lightly wounded.
The jackal misses you.
You barely miss the jackal.
The jackal is lightly wounded.
The jackal closely misses you. The jackal bites you.
A hobgoblin comes into view.
You hit the jackal.
The jackal is moderately wounded.
The jackal closely misses you.
You hit the jackal but do no damage.
The jackal is moderately wounded.
The jackal barely misses you. The jackal closely misses you.
You hit the jackal.
The jackal is severely wounded.
The jackal bites you but does no damage.
You hit the jackal.
The jackal is almost dead.
The jackal barely misses you.
You closely miss the jackal.
The jackal is almost dead.
The jackal completely misses you. The jackal barely misses you.
You puncture the jackal!
You kill the jackal!
You hit the hobgoblin but do no damage.
The hobgoblin hits you but does no damage.
You hit the hobgoblin.
You kill the hobgoblin!
You have reached level 5!
Your demonic ancestry asserts itself...
Slimy green scales spread over more of your body.
An adder is nearby!
You conjure some foxfire!
The adder hisses angrily.
There is not enough space to conjure foxfire!
The foxfire hits the adder but does no damage.
The foxfire hits the adder.
The adder is heavily wounded.
You conjure some foxfire!
The foxfire hits the adder.
The adder is severely wounded.
The foxfire hits the adder.
The adder is almost dead.
You conjure some foxfire!
The foxfire hits the adder.
You kill the adder!
Your foxfire dissipates!
Things that are here:
a +0 leather armour; a hobgoblin corpse You see here a jackal corpse.
There are monsters nearby!
There are monsters nearby!
You see here a jackal corpse.
Things that are here:
a +0 leather armour; a hobgoblin corpse Grinder shouts!
The endoplasm quivers.
A rat comes into view.
Things that are here:
a +0 leather armour; a hobgoblin corpse
There are monsters nearby!
There are monsters nearby!
Casting: Foxfire (safe; 4% risk of failure)
Confirm with . or Enter, or press ? or * to list all spells.
You can't see any susceptible monsters within range! (Use Z to cast anyway.)
You conjure some foxfire!
Your foxfire dissipates!
The foxfire hits Grinder.
Grinder is lightly wounded.
Casting: Foxfire (safe; 4% risk of failure)
Confirm with . or Enter, or press ? or * to list all spells.
Flames lash Grinder.
Grinder is lightly wounded.
Grinder's fire resistance burns away.
Casting: Scorch (safe; 3% risk of failure)
Confirm with . or Enter, or press ? or * to list all spells.
Flames lash Grinder.
Grinder is burned terribly!
Grinder is heavily wounded.
Grinder blinks!
Casting: Scorch (safe; 3% risk of failure)
Confirm with . or Enter, or press ? or * to list all spells.
Flames lash Grinder.
Grinder is burned terribly!
Grinder is severely wounded.
* * * LOW MAGIC WARNING * * *
Grinder hits you!
Grinder blinks!
Grinder hits you. Grinder attacks as you move away!
Grinder hits you but does no damage.
Casting: Scorch (safe; 3% risk of failure)
Confirm with . or Enter, or press ? or * to list all spells.
You conjure some foxfire!
* * * LOW MAGIC WARNING * * *
Grinder barely misses you.
Casting: Foxfire (safe; 4% risk of failure)
Confirm with . or Enter, or press ? or * to list all spells.
You conjure some foxfire!
* * * LOW MAGIC WARNING * * *
The foxfire hits Grinder!
Grinder is burned terribly!
Grinder is almost dead.
The foxfire hits Grinder but does no damage.
Grinder is almost dead.
Grinder hits you.
Your foxfire dissipates!
Grinder gestures at you.
You suddenly lose the ability to move!
The endoplasm freezes you.
You are frozen.
* * * LOW HITPOINT WARNING * * *
Grinder hits you.
* * * LOW HITPOINT WARNING * * *
You writhe in agony.
* * * LOW HITPOINT WARNING * * *
The endoplasm hits you.
* * * LOW HITPOINT WARNING * * *
Grinder hits you.
* * * LOW HITPOINT WARNING * * *
You writhe in agony.
* * * LOW HITPOINT WARNING * * *
The endoplasm barely misses you. Grinder hits you!
You die...

#..#.#...#..##..#.
#.........#.......
####.#.######.#.#.##
#.................##
#.............#.....
#.....#########.#...
###.............####
#.###########.# #
#####@##...J...##.#
#...5J##.#####[####
#.....##.# #†#
#........# #.#
########## #5# #.# #


rJ. .. # ..... ...#### .# ....... You could see Grinder (combustible) and an
endoplasm.

Vanquished Creatures
  Jessica (D:2)
  A gnoll (D:1)
  4 adders
  2 worms (D:2)
  5 orcs
  6 ball pythons
  5 bats
  10 endoplasms
  4 hobgoblins
  5 jackals
  3 kobolds
  2 quokkas (D:2)
  6 frilled lizards
  6 goblins
  3 rats (D:2)
63 creatures vanquished.

Vanquished Creatures (collateral kills)
  2 foxfires (D:1)
2 creatures vanquished.

Vanquished Creatures (others)
  187 foxfires
  A plant (D:1)
188 creatures vanquished.

Grand Total: 253 creatures vanquished

Notes
Turn   | Place    | Note
-------+----------+-------------------------------------------
     0 | D:1      | sleeves the Demonspawn Fire Elementalist began the quest
                  | for the Orb.
     0 | D:1      | Reached XP level 1. HP: 13/13 MP: 3/3
   106 | D:1      | Reached skill level 3 in Fire Magic
   528 | D:1      | Gained mutation: Your demonic aura sometimes causes spilled
                  | blood to erupt in flames. [demonic ancestry]
   528 | D:1      | Reached XP level 2. HP: 19/19 MP: 1/5
   727 | D:1      | Found a faded altar of an unknown god.
   891 | D:2      | Gained mutation: You are partially covered in slimy green
                  | scales. (AC +2) [demonic ancestry]
   891 | D:2      | Reached XP level 3. HP: 18/24 MP: 1/6
  1036 | D:2      | Noticed Jessica
  1117 | D:2      | Reached skill level 4 in Fire Magic
  1181 | D:2      | Killed Jessica
  1262 | D:2      | Reached XP level 4. HP: 30/30 MP: 2/7
  1841 | D:2      | Found a shimmering altar of Xom.
  2183 | D:3      | Noticed Grinder
  2183 | D:3      | Noticed Terence
  2259 | D:3      | Learned a level 2 spell: Scorch
  2600 | D:3      | Reached skill level 5 in Fire Magic
  3147 | D:3      | Gained mutation: You are mostly covered in slimy green
                  | scales. (AC +3) [demonic ancestry]
  3147 | D:3      | Reached XP level 5. HP: 35/35 MP: 2/8
  3260 | D:3      | Paralysed by Grinder for 5 turns
  3261 | D:3      | HP: 17/35 [frozen (5)]
  3263 | D:3      | HP: 3/35 [Grinder (6)]
  3264 | D:3      | Slain by Grinder

Illustrated notes

Levels and vault maps discovered:
D:1:      dpeg_arrival_court, layout_rooms, shapermc_ecumenical_altar_acropolis
D:2:      layout_basic, basic_altar, st_stairs_3, minmay_pentomino_o4,
          uniq_robin, uniq_jessica
D:3:      layout_basic, minmay_misc_feat_roman, uniq_grinder, uniq_pargi,
          uniq_terence

Skill      XL: |  1  2  3  4 |
---------------+-------------+-----
Fire Magic     | 3 4 5 |  5.3
Dodging        | |  1.7
Stealth        | |  1.7
Spellcasting   | |  2.0
Conjurations   | |  1.0

Action                   |  1- 3 |  4- 6 || total
-------------------------+-------+-------++-------
Melee: Unarmed           |     2 |       ||     2
       Short sword       |    16 |     4 ||    20
       Dagger            |       |    15 ||    15
 Cast: Foxfire           |    51 |    76 ||   127
       Scorch            |       |     7 ||     7
Armor: Robe              |     5 |     6 ||    11
Dodge: Dodged            |    11 |    21 ||    32

Table legend: (Time is in decaauts)
 A = Elapsed time spent in this place.
 B = Non-inter-level travel time spent in this place.
 C = Inter-level travel time spent in this place.
 D = Time resting spent in this place.
 E = Time spent auto-exploring this place.
 F = Levels seen in this place.
 G = Mean time per level.
                   A        B        C        D        E       F      G
               +--------+--------+--------+--------+--------+-----+--------+
         Total |   3263 |   3103 |    160 |     56 |   2438 |   3 | 1087.7 |
       Dungeon |   3263 |   3103 |    160 |     56 |   2438 |   3 | 1087.7 |
               +--------+--------+--------+--------+--------+-----+--------+

Top non-repeatable levels by time:
     D:2: 1595 daAuts
     D:3: 903 daAuts
     D:1: 764 daAuts
